 Dungeon Crawl Stone Soup version 0.25.0-37-gb73750e0fb (webtiles) character file.

Game seed: 12392442435790770743

(classic levelgen) 20 EnegeticOcto the Chopper (level 2, -1/27 HPs)
             Began as a Deep Dwarf Fighter on July 8, 2020.
             Slain by a gnoll
             ... wielding a +0 flail
              (3 damage)
             ... on level 4 of the Dungeon.
             The game lasted 00:01:18 (107 turns).

EnegeticOcto the Chopper (Deep Dwarf Fighter)        Turns: 107, Time: 00:01:19

Health: -1/27      AC:  6    Str: 19    XL:     2   Next: 58%
Magic:  1/1        EV:  7    Int:  8    God:
Gold:   0          SH:  9    Dex: 12    Spells: 1/1 levels left

rFire    . . .     SeeInvis .   a - +0 war axe
rCold    . . .     Gourm    .   c - +0 kite shield
rNeg     . . .     Faith    .   b - +0 scale mail
rPois    .         Spirit   .   (no helmet)
rElec    .         Reflect  .   (no cloak)
rCorr    .         Harm     .   (no gloves)
MR       .....                  (no boots)
Stlth    ..........             (no amulet)
HPRegen  0.00/turn              (no ring)
MPRegen  0.07/turn              (no ring)

@: non-regenerating
A: damage resistance, heal wounds, sense surroundings 1, no regeneration
a: Heal Wounds


You were on level 4 of the Dungeon.
You were not hungry.

You visited 1 branch of the dungeon, and saw 4 of its levels.

Inventory:

Hand Weapons
 a - a +0 war axe (weapon)
Armour
 b - a +0 scale mail (worn)
 c - a +0 kite shield (worn)
Scrolls
 f - a scroll of fear {unknown}
Potions
 d - a potion of might {@q3 !q}
Comestibles
 e - a ration


   Skills:
 - Level 2.6 Fighting
 + Level 3.6 Axes
 - Level 3.2 Armour
 - Level 3.2 Shields


You had one spell level left.
You didn't know any spells.
Your spell library was empty.

Dungeon Overview and Level Annotations

Branches:
Dungeon (4/15)
 Temple: D:4-7

Altars:
Ashenzari


Innate Abilities, Weirdness & Mutations

You are resistant to damage.
You can heal yourself by infusing magical energy.
You passively map a small area around you.
You do not regenerate.


Message History

A worker ant comes into view.
The worker ant waves its antennae. 3 gnolls and a gnoll shaman come into view.
The gnoll shaman shouts!
The gnoll shouts! x3
The gnoll hits you but does no damage.
Found a cloak.
A frilled lizard comes into view.
The frilled lizard hisses angrily.
A quokka comes into view.
You block the gnoll's attack. The gnoll hits you but does no damage.
The gnoll hits you from afar with a +0 spear.
The gnoll shaman hits you with a +0 whip.
You block the frilled lizard's attack. The gnoll barely misses you.
The gnoll hits you with a +0 spear. You block the gnoll shaman's attack.
The gnoll closely misses you. The gnoll hits you with a +0 spear.
Your shield prevents you from hitting the gnoll.
You hit the gnoll. You closely miss the gnoll. You miss the frilled lizard.
You hit the gnoll shaman. You block the gnoll's attack.
The gnoll shaman barely misses you. The gnoll hits you with a +0 flail.
The gnoll hits you but does no damage. You block the frilled lizard's attack.
The gnoll hits you but does no damage.
The gnoll shaman hits you with a +0 whip.
You are too injured to fight recklessly!
You fail to use your ability.
The gnoll hits you but does no damage. The frilled lizard bites you.
The gnoll hits you with a +0 spear. The gnoll hits you with a +0 flail.
You block the gnoll shaman's attack.
Your magical essence is drained by the effort!
You feel much better. The gnoll hits you with a +0 spear.
The frilled lizard closely misses you. The gnoll hits you with a +0 spear.
The gnoll shaman completely misses you. The gnoll hits you with a +0 flail.
You barely miss the gnoll shaman.
The gnoll shaman is moderately wounded.
You miss the frilled lizard. You slash the gnoll! You hit the gnoll.
You slash the gnoll! You block the gnoll's attack.
You block the frilled lizard's attack. You block the gnoll's attack.
The gnoll shaman hits you but does no damage.
The gnoll hits you with a +0 flail!
You slash the gnoll!
You kill the gnoll!
You barely miss the frilled lizard. You hit the gnoll shaman.
You barely miss the gnoll. You hit the gnoll. The frilled lizard bites you.
The gnoll hits you with a +0 spear. You block the gnoll shaman's attack.
The gnoll barely misses you. You block the worker ant's attack.
You block the frilled lizard's attack. The gnoll hits you with a +0 spear.
The gnoll shaman barely misses you.
You are too injured to fight recklessly!
You fail to use your ability.
The worker ant bites you but does no damage.
The gnoll hits you but does no damage. The frilled lizard bites you.
The gnoll barely misses you. The gnoll shaman barely misses you.
You fail to use your ability.
You block the worker ant's attack.
The frilled lizard hisses.
You block the frilled lizard's attack. You block the gnoll's attack.
The gnoll hits you with a +0 spear. The quokka bites you.
* * * LOW HITPOINT WARNING * * *
The gnoll shaman calls upon its god to heal the gnoll.
The gnoll is healed somewhat.
You fail to use your ability.
You block the worker ant's attack.
The quokka bites you but does no damage.
The frilled lizard bites you but does no damage.
The gnoll barely misses you.
The gnoll shaman hits you with a +0 whip.
* * * LOW HITPOINT WARNING * * *
The worker ant bites you but does no damage.
The gnoll hits you but does no damage.
You feel much better.
The quokka bites you but does no damage.
The frilled lizard closely misses you. The gnoll hits you but does no damage.
The worker ant bites you but does no damage.
The gnoll shaman calls upon its god to speed up the gnoll.
The gnoll seems to speed up.
You barely miss the gnoll.
The gnoll is lightly wounded.
Your shield and scale mail prevent you from hitting the gnoll shaman.
You miss the frilled lizard. You barely miss the worker ant.
You closely miss the quokka. You hit the gnoll.
The gnoll hits you with a +0 flail! The quokka barely misses you.
The worker ant bites you but does no damage.
The gnoll hits you with a +0 flail! You block the frilled lizard's attack.
The gnoll closely misses you.
The gnoll shaman hits you but does no damage.
The quokka closely misses you.
You hit the gnoll.
The gnoll is moderately wounded.
You closely miss the gnoll. You barely miss the quokka.
You hit the worker ant but do no damage.
You hit the frilled lizard.
You kill the frilled lizard!
You hit the gnoll shaman. The gnoll hits you with a +0 flail!
* * * LOW HITPOINT WARNING * * *
The worker ant barely misses you. You block the gnoll's attack.
You block the quokka's attack.
The gnoll shaman hits you with a +0 whip.
* * * LOW HITPOINT WARNING * * *
You block the worker ant's attack. The gnoll hits you with a +0 flail.
You die...

, * #. .#.# * #.*
.... * ,
#.###..##,####. ,
##[............r ,
, #........#...l..
* #......#.#.....#
* ,
#...ggr+.......#
**
#....@a#.......# ,
* #.#..gl.....$..#
*
###.#.###...######
.......<.........
,
..#.#.#.#...####.
* #.# #.#...# * #
#.#..... , , ,
#.#.#.### , ,
,..#.#.#


You could see a gnoll shaman, a worker ant, 2 gnolls, a quokka and a frilled
lizard.

Vanquished Creatures
  A gnoll (D:4)
  An adder (D:3)
  A frilled lizard (D:4)
  A goblin (D:1)
4 creatures vanquished.

Notes
Turn   | Place    | Note
-------+----------+-------------------------------------------
     0 | D:1      | EnegeticOcto the Deep Dwarf Fighter began the quest for the
                  | Orb.
     0 | D:1      | Reached XP level 1. HP: 20/20 MP: 1/1
    43 | D:2      | You fall into a shaft and drop 1 floor!
    75 | D:3      | Reached skill level 3 in Axes
    75 | D:3      | Reached XP level 2. HP: 25/27 MP: 2/2
    81 | D:2      | Found a shattered altar of Ashenzari.
    99 | D:4      | Your magical essence is drained by the effort!
   107 | D:4      | Slain by a gnoll

Illustrated notes

Levels and vault maps discovered:
D:1:      kennysheep_arrival_forest, layout_loops_ring, feat_on_display
D:2:      layout_loops_ring, nicolae_overflow_hidden_temple, marbit_many_paths,
          corexii_shack, minmay_crystal_water, nicolae_ashenzari_panopticon
D:3:      layout_loops_cross
D:4:      layout_basic, cheibriados_altar_1, serial_shops, kennysheep_mini_moat,
          kennysheep_generic_room_15

Skill      XL: |  1 |
---------------+----+-----
Axes           | 3 |  3.6
Fighting       | |  2.6
Armour         | |  3.2
Shields        | |  3.2

Action                   || total
-------------------------++-------
Melee: War axe           ||    20
 Abil: Heal Wounds       ||     2
Armor: Scale mail        ||    22
Dodge: Dodged            ||    22
Block: Kite shield       ||    29
